 Dungeon Crawl Stone Soup version 0.22-a0-362-g535178c (webtiles) character file.

9079 b5mith the Fighter (level 11, -2/162 HPs)
             Began as a Minotaur Berserker on Apr 20, 2018.
             Was a High Priest of Trog.
             Slain by a 12-headed hydra (3 damage)
             ... on level 10 of the Dungeon.
             The game lasted 00:36:15 (11216 turns).

b5mith the Fighter (Minotaur Berserker)            Turns: 11216, Time: 00:36:15

Health: -2/162     AC: 20    Str: 30    XL:     11   Next: 18%
Magic:  10/10      EV: 12    Int:  4    God:    Trog [*****.]
Gold:   473        SH:  0    Dex: 14    Spells: 10/10 levels left

rFire    + . .     SeeInvis .   a - +2 scimitar of Precise Incision {drain, rF+ Dex+4}
rCold    . . .     Gourm    .   (no shield)
rNeg     . . .     Faith    .   d - +0 ring mail
rPois    .         Spirit   .   R - +2 hat {MR+}
rElec    .         Reflect  .   A - +0 cloak
rCorr    .         Harm     .   (no gloves)
MR       +....                  I - +2 pair of boots
Stlth    ..........             (no amulet)
HPRegen  0.37/turn              J - ring of Robustness {AC+8}
MPRegen  0.12/turn              v - ring of stealth

@: berserking, very quick
A: retaliatory headbutt, horns 2
a: Berserk, Trog's Hand, Brothers in Arms, Renounce Religion


You were on level 10 of the Dungeon.
You worshipped Trog.
Trog was extremely pleased with you.
You were near starving.

You visited 1 branch of the dungeon, and saw 10 of its levels.

You collected 578 gold pieces.
You spent 105 gold pieces at shops.

Inventory:

Hand Weapons
 a - the +2 scimitar of Precise Incision (weapon) {drain, rF+ Dex+4}
   (Trog gifted it to you on level 8 of the Dungeon)

   A truly terrible weapon, it drains the life of those it strikes.
   It affects your dexterity (+4).
   It protects you from fire.
 b - a +0 hunting sling
   (You found it on level 3 of the Dungeon)
 T - a +4 long sword
   (You took it off an orc warrior on level 9 of the Dungeon)
Missiles
 g - 41 sling bullets
 D - 23 tomahawks (quivered)
Armour
 d - a +0 ring mail (worn)
   (You found it on level 1 of the Dungeon)
 A - a +0 cloak (worn)
   (You found it on level 4 of the Dungeon)
 I - a +2 pair of boots (worn)
   (You found it on level 7 of the Dungeon)
 R - a +2 hat of magic resistance (worn)
   (You took it off Gastronok on level 8 of the Dungeon)
Jewellery
 u - an uncursed ring of protection from cold
   (You found it on level 3 of the Dungeon)
 v - a ring of stealth (right hand)
   (You found it on level 4 of the Dungeon)
 J - the ring of Robustness (left hand) {AC+8}
   (You took it off a wight on level 7 of the Dungeon)

   [ring of protection]

   It affects your AC (+8).
Wands
 y - a wand of digging (9)
   (You took it off Grinder on level 4 of the Dungeon)
 G - a wand of clouds (5)
   (You found it on level 5 of the Dungeon)
 M - a wand of random effects (33)
   (You found it on level 6 of the Dungeon)
Scrolls
 h - a scroll of immolation {unknown}
 i - 2 scrolls of fog {unknown}
 o - a scroll of amnesia {unknown}
 s - 2 scrolls of remove curse {@r2}
 t - a scroll of fear {unknown}
 z - a scroll of enchant weapon {unknown}
 E - 2 scrolls of magic mapping {unknown}
 K - a scroll of identify {@r1}
 L - a scroll of noise {unknown}
 N - 2 scrolls of teleportation
Potions
 f - 2 potions of curing {unknown}
 k - 2 potions of lignification
 l - 2 potions of might
 m - 2 potions of mutation {unknown}
 p - 5 potions of heal wounds
 r - 2 potions of agility
 x - a potion of haste {unknown}
 C - a potion of experience {unknown}
 O - a potion of magic {unknown}
 P - 2 potions of flight
 S - 2 potions of brilliance {unknown}
Miscellaneous
 e - a box of beasts
Comestibles
 c - 22 rations


   Skills:
 + Level 13.7 Fighting
 + Level 13.7 Long Blades
 + Level 6.3 Armour
 - Level 2.1 Dodging
 - Level 3.5 Stealth


You had 10 spell levels left.
You didn't know any spells.

Dungeon Overview and Level Annotations

Branches:
Dungeon (10/15)            Temple (0/1) D:6            Lair (0/6) D:8
    Orc: D:9-12

Altars:
Qazlal

Shops:
D:5 *   D:9 !


Innate Abilities, Weirdness & Mutations

You reflexively headbutt those who attack you in melee.
You have a pair of horns on your head.


Message History

Trog accepts your kill. The nine-headed hydra bites you. x2
The nine-headed hydra barely misses you.
The nine-headed hydra bites you but does no damage.
The nine-headed hydra closely misses you.
The nine-headed hydra bites you! The nine-headed hydra bites you. x3
You chop one of the nine-headed hydra's heads off!
The eight-headed hydra grows two more!
You slice the ten-headed hydra!!
The ten-headed hydra is heavily wounded.
You lop one of the ten-headed hydra's heads off!
The nine-headed hydra grows two more!
You hit the 11-headed hydra.
The 11-headed hydra is moderately wounded.
The 11-headed hydra bites you but does no damage.
The 11-headed hydra bites you.
* * * LOW HITPOINT WARNING * * *
The 11-headed hydra bites you!
* * * LOW HITPOINT WARNING * * *
The 11-headed hydra misses you. x2; The 11-headed hydra bites you!
* * * LOW HITPOINT WARNING * * *
The 11-headed hydra bites you!
* * * LOW HITPOINT WARNING * * *
The 11-headed hydra misses you.
The 11-headed hydra bites you but does no damage.
The 11-headed hydra completely misses you.
The 11-headed hydra bites you!
* * * LOW HITPOINT WARNING * * *
A red film seems to cover your vision as you go berserk!
You feel yourself moving faster!
You feel mighty!
You are near starving!
The 11-headed hydra bites you but does no damage. x2
The 11-headed hydra bites you.
* * * LOW HITPOINT WARNING * * *
The 11-headed hydra bites you but does no damage. x3
The 11-headed hydra bites you.
* * * LOW HITPOINT WARNING * * *
The 11-headed hydra barely misses you. The 11-headed hydra bites you.
* * * LOW HITPOINT WARNING * * *
The 11-headed hydra bites you!
* * * LOW HITPOINT WARNING * * *
The 11-headed hydra bites you.
* * * LOW HITPOINT WARNING * * *
You chop one of the 11-headed hydra's heads off!
The ten-headed hydra grows two more!
You hit the 12-headed hydra. You headbutt the 12-headed hydra!!
The 12-headed hydra is heavily wounded.
You barely miss the 12-headed hydra. You headbutt the 12-headed hydra.
The 12-headed hydra is heavily wounded.
The 12-headed hydra bites you but does no damage.
The 12-headed hydra bites you.
You die...

..........#....#
..........#....#
..........#....#
...####'###....# ..
#......'....# .
#......#######+#
#............>..
#...............
########@######........
.....O)).D....#........
..............#........
..............#........
..............#........
..............#....####
..............+....#
..............#....+
#####+#########


You could see a 12-headed hydra and a two-headed ogre.

Vanquished Creatures
  Gastronok (D:8)
  A queen bee (D:9)
  A troll (D:9)
  Grinder (D:4)
  4 hippogriffs
  6 yaks (D:9)
  The ghost of myxocpahck the Archer, an amateur CeHu (D:4)
  2 basilisks (D:8)
  Edmund (D:6)
  A sky beast (D:6)
  A hornet zombie (D:9)
  2 orc warriors (D:9)
  A black bear (D:9)
  8 ice beasts
  An ogre (D:2)
  3 centaurs
  Blork the orc (D:4)
  2 big kobolds (D:5)
  2 bullfrogs
  5 scorpions
  17 killer bees
  15 wights
  3 howler monkeys
  A crimson imp (D:7)
  A centaur zombie (D:9)
  A jelly (D:6)
  5 hounds
  An orc priest (D:4)
  2 centaur skeletons
  7 orc wizards
  A bullfrog skeleton (D:6)
  4 worker ants
  A killer bee zombie (D:7)
  2 hound skeletons
  15 gnolls
  12 adders
  2 shadow imps
  3 oozes
  An adder zombie (D:7)
  2 worms (D:3)
  3 dart slugs
  5 leopard geckos
  23 orcs
  11 bats
  4 giant cockroaches
  8 goblins
  20 hobgoblins
  16 jackals
  46 kobolds
  5 quokkas
  2 ball pythons
  4 frilled lizards
  8 rats
296 creatures vanquished.

Notes
Turn   | Place    | Note
-------+----------+-------------------------------------------
     0 | D:1      | b5mith the Minotaur Berserker began the quest for the Orb.
     0 | D:1      | Reached XP level 1. HP: 19/19 MP: 0/0
   264 | D:1      | Reached XP level 2. HP: 26/27 MP: 1/1
   702 | D:1      | Reached XP level 3. HP: 34/34 MP: 2/2
   846 | D:1      | Reached ** piety under Trog
  1361 | D:1      | Reached XP level 4. HP: 33/41 MP: 3/3
  1362 | D:1      | Reached skill level 5 in Fighting
  1362 | D:1      | Reached skill level 5 in Long Blades
  1514 | D:2      | Noticed an ogre
  1537 | D:2      | Killed an ogre
  1537 | D:2      | Reached XP level 5. HP: 49/50 MP: 4/4
  2182 | D:3      | Reached XP level 6. HP: 51/57 MP: 5/5
  2304 | D:3      | Reached *** piety under Trog
  2489 | D:3      | Found a stormy altar of Qazlal.
  3239 | D:4      | Noticed an ice beast
  3248 | D:4      | Killed an ice beast
  3322 | D:4      | Reached XP level 7. HP: 63/66 MP: 6/6
  3369 | D:4      | Noticed Grinder
  3384 | D:4      | Paralysed by Grinder for 6 turns
  3404 | D:4      | Killed Grinder
  3669 | D:4      | Noticed Blork the orc
  3678 | D:4      | Killed Blork the orc
  3716 | D:4      | Noticed myxocpahck's ghost (amateur CeHu)
  3729 | D:4      | Killed myxocpahck's ghost
  3843 | D:4      | Reached XP level 8. HP: 60/75 MP: 7/7
  3948 | D:4      | Reached **** piety under Trog
  4591 | D:5      | Entered Level 5 of the Dungeon
  5644 | D:5      | Reached skill level 10 in Fighting
  5644 | D:5      | Reached skill level 10 in Long Blades
  5680 | D:5      | Reached ***** piety under Trog
  6036 | D:5      | You fall through a shaft for 3 floors!
  6134 | D:8      | Found a staircase to the Lair.
  6134 | D:8      | Noticed a hippogriff
  6381 | D:7      | Noticed a hippogriff
  6385 | D:7      | Reached XP level 9. HP: 86/86 MP: 8/8
  8029 | D:6      | Reached XP level 10. HP: 99/99 MP: 9/9
  8109 | D:6      | Found a staircase to the Ecumenical Temple.
  8283 | D:6      | Noticed Edmund
  8310 | D:6      | Killed Edmund
  8739 | D:5      | Found Oleytet's General Store.
  9362 | D:8      | Reached skill level 1 in Stealth
  9442 | D:8      | Received a gift from Trog
  9445 | D:8      | Noticed Gastronok
  9450 | D:8      | Got a scorched scimitar {god gift}
  9477 | D:8      | Killed Gastronok
  9563 | D:8      | Identified the +2 scimitar of Precise Incision {drain, rF+ Dex+4} (Trog gifted it to you on level 8 of the Dungeon)
 10219 | D:9      | Reached skill level 5 in Armour
 10506 | D:9      | Found Nilliret's Distillery.
 10530 | D:9      | Reached XP level 11. HP: 107/107 MP: 10/10
 10571 | D:9      | Bought a potion of flight for 45 gold pieces
 10571 | D:9      | Bought a potion of might for 60 gold pieces
 11062 | D:9      | Got a distressingly furry robe
 11073 | D:9      | Identified the cursed +1 robe of Integrity {rC+ Int+8 Dex-2 SInv} (You found it on level 9 of the Dungeon)
 11183 | D:10     | Entered Level 10 of the Dungeon
 11207 | D:10     | Noticed an eight-headed hydra
 11209 | D:10     | Noticed a two-headed ogre
 11214 | D:10     | HP: 2/162 [11-headed hydra (13)]
 11216 | D:10     | Slain by a 12-headed hydra

Vault maps used:
D:1:      dpeg_arrival_round_c, minmay_misc_feat_cross
D:3:      overflow_temple_1_default, minmay_misc_feat_secret_circle,
          minmay_close_crescents
D:4:      cheibrodos_pilgrimage, first_ration, uniq_blork_the_orc, uniq_grinder
D:5:      minmay_goblin_kobold_castle, serial_shops, shop
D:6:      minmay_temple_entry_crystal_x, uniq_edmund
D:8:      david_lair_generic, uniq_gastronok
D:9:      serial_shops, shop, david_nohive_1

Skill      XL: |  1  2  3  4  5  6  7  8  9 10 11 |
---------------+----------------------------------+-----
Fighting       | 4 5 6 7 8 10 12 13 | 13.7
Long Blades    | 4 5 6 7 8 10 12 13 | 13.7
Stealth        | 3 |  3.5
Armour         | 5 6 |  6.3
Dodging        | |  2.1

Action                   |  1- 3 |  4- 6 |  7- 9 | 10-12 || total
-------------------------+-------+-------+-------+-------++-------
Melee: Dagger            |    38 |    86 |   428 |    24 ||   576
       Falchion          |     3 |    19 |       |    72 ||    94
       Short sword       |    30 |    47 |       |       ||    77
       Headbutt          |     4 |    29 |    93 |    55 ||   181
       Scimitar          |       |       |       |   108 ||   108
 Fire: Hunting sling     |       |    10 |    54 |       ||    64
Throw: Tomahawk          |       |       |       |    11 ||    11
Invok: Berserk           |       |       |     4 |     2 ||     6
  Use: Scroll            |       |     2 |     5 |     8 ||    15
       Potion            |       |       |       |     1 ||     1
 Stab: Sleeping          |       |       |     1 |     3 ||     4
  Eat: Chunk             |     1 |     6 |    16 |     7 ||    30
       Ration            |       |       |     1 |     1 ||     2
Armor: Ring mail         |    21 |    45 |   115 |    70 ||   251
Dodge: Dodged            |    55 |    73 |   242 |   102 ||   472
       Rpst.: Scimitar   |       |       |       |    17 ||    17
       Falchion          |       |       |       |     7 ||     7

Table legend:
 A = Spawn XP
 B = Non-spawn XP
 C = Spawn XP percentage of total XP
 D = Spawn monster count
 E = Non-spawn monster count
 F = Spawn count percentage of total count
 G = Total turns spent on level
                    A         B        C        D         E        F      G
               +---------+---------+-------+---------+---------+-------+---------
         Total |       0 |   12970 |   0.0 |       0 |     296 |   0.0 | 11216
               +---------+---------+-------+---------+---------+-------+---------
           D:1 |       0 |      86 |   0.0 |       0 |      33 |   0.0 |  1472
           D:2 |       0 |     237 |   0.0 |       0 |      24 |   0.0 |   695
           D:3 |       0 |     189 |   0.0 |       0 |      38 |   0.0 |  1004
           D:4 |       0 |    1188 |   0.0 |       0 |      28 |   0.0 |  1420
           D:5 |       0 |    1000 |   0.0 |       0 |      62 |   0.0 |  1612
           D:6 |       0 |     754 |   0.0 |       0 |      14 |   0.0 |   817
           D:7 |       0 |    1957 |   0.0 |       0 |      37 |   0.0 |  1242
           D:8 |       0 |    3556 |   0.0 |       0 |      14 |   0.0 |  1533
           D:9 |       0 |    3885 |   0.0 |       0 |      45 |   0.0 |  1388
          D:10 |       0 |     118 |   0.0 |       0 |       1 |   0.0 |    33
               +---------+---------+-------+---------+---------+-------+---------
